 Dungeon Crawl Stone Soup version 0.22.1-1-ga44c0e56f4 (webtiles) character file.

20736 Gargoyl the Cleaver (level 12, -2/101 HPs)
             Began as a Centaur Abyssal Knight on Oct 8, 2018.
             Was a Priest of Lugonu.
             Slain by a large abomination (15 damage)
             ... summoned by Lugonu's corruption
             ... on level 3 of the Lair of Beasts.
             The game lasted 00:28:24 (18031 turns).

Gargoyl the Cleaver (Centaur Abyssal Knight)       Turns: 18031, Time: 00:28:25

Health: -2/101     AC: 23    Str: 18    XL:     12   Next: 48%
Magic:  12/19      EV:  9    Int:  9    God:    Lugonu [***...]
Gold:   812        SH: 11    Dex: 13    Spells: 11/11 levels left

rFire    . . .     SeeInvis .   a - +2 hand axe
rCold    . . .     Gourm    .   r - +2 shield
rNeg     . . .     Faith    .   w - +3 ring mail
rPois    +         Spirit   .   p - +1 helmet
rElec    .         Reflect  .   (no cloak)
rCorr    .         Harm     .   g - +2 pair of gloves
MR       +....                  (no barding)
Stlth    ..........             (no amulet)
HPRegen  0.66/turn              e - ring of poison resistance
MPRegen  0.16/turn              l - +6 ring of protection

@: very quick
A: large, hooves 3, iridescent scales 1, agile 1, deformed body, dopey 1, speed
2, magic resistance 1, regeneration 1, tough skin 3
a: Depart the Abyss, Bend Space, Banish, Renounce Religion


You were on level 3 of the Lair of Beasts.
You worshipped Lugonu.
Lugonu was most pleased with you.
You were hungry.

You visited 2 branches of the dungeon, and saw 12 of its levels.
You visited the Abyss 2 times.
You also visited: Ossuary.

You collected 812 gold pieces.

Inventory:

Hand Weapons
 a - a +2 hand axe (weapon)
Missiles
 q - 12 tomahawks (quivered)
Armour
 g - a +2 pair of gloves (worn)
 p - a +1 helmet (worn)
 r - a +2 shield (worn)
 w - a +3 ring mail (worn)
Jewellery
 d - an uncursed ring of protection from fire
 e - a ring of poison resistance (left hand)
 l - a +6 ring of protection (right hand)
 y - a cursed ring of teleportation {unknown}
Wands
 b - a wand of disintegration (9)
 f - a wand of polymorph (15)
 v - a wand of acid (8)
 x - a wand of paralysis (12)
 z - a wand of random effects (36)
Scrolls
 i - a scroll of amnesia
 j - 4 scrolls of identify
 k - 5 scrolls of blinking
 n - 7 scrolls of remove curse
 t - 2 scrolls of magic mapping
 A - 2 scrolls of fog
 B - 2 scrolls of immolation
Potions
 m - 2 potions of agility
 o - 2 potions of flight
 s - 4 potions of curing
 u - a potion of cancellation
 E - a potion of haste
 F - 2 potions of resistance
Comestibles
 c - 18 rations
 h - 7 chunks of flesh


   Skills:
 + Level 7.9 Fighting
 + Level 10.8 Axes
 + Level 1.0 Throwing
 * Level 7.4 Armour
 + Level 5.5 Dodging
 + Level 3.9 Shields
 * Level 10.2 Invocations


You had 11 spell levels left.
You didn't know any spells.
Your spell library contained the following spells:

 Spells                   Type           Power        Failure   Level  Hunger
 Corona                   Hex            #......      89%         1    ##.....
 Ensorcelled Hibernation  Hex/Ice        #.....       96%         2    ###....
 Confuse                  Hex            #.......     99%         3    ####...
 Dazzling Spray           Conj/Hex       #.....       99%         3    ####...
 Tukima's Dance           Hex            #.......     99%         3    ####...


Dungeon Overview and Level Annotations

Branches:
Dungeon (9/15)             Temple (0/1) D:6            Lair (3/6) D:8
  Snake (0/4) Lair:3
  Swamp: Lair:2-4    Shoals: Lair:2-4       Orc: D:9-12

Altars:
Ashenzari
Elyvilon
Okawaru
Qazlal
Ru
Yredelemnul
Zin
The Shining One

Shops:
D:4 %   D:8 :

Annotations:
D:7 Psyche
D:8 Prince Ribbit
Lair:3 corrupted
Abyss:1 Joseph


Innate Abilities, Weirdness & Mutations

You have hooves in place of feet.
Armour fits poorly on your strangely shaped body.
You cover ground very quickly.
You have extremely tough skin. (AC +3)
You are partially covered in iridescent scales. (AC +2)
You are agile. (Dex +2)
You are dopey. (Int -2)
You are resistant to hostile enchantments. (MR+)
Your natural rate of healing is unusually fast.


Message History

The worldbinder calls forth creatures from the Orcish Mines!
Unknown command.
You hit the yak but do no damage. You kick the yak.
The yak is heavily wounded.
You hit the yak.
The large abomination hits the yak!!!
The yak dies!
The balrug gestures at the yak.
The sticky flame hits the yak.
The yak is covered in liquid flames!
A starcursed mass splits.
The ynoxinul gestures.
You slash the yak! Your kick misses the yak.
The yak is almost dead.
The yak burns!
The yak dies!
The worldbinder calls forth creatures from the Crypt!
The green death misses you.
Unknown command.
A starcursed mass splits.
The blink frog twists and deforms.
The large abomination hits you!
You die...

#### ## #....#.###
##....X#..
P#...5X.X.3##
......33ZW32##
..#.P......#4X@#
....#..#XX.3#2x#
......#....#.X.#
##........X....v#3#
#..##P..#3...##..o#
...............xW..
...........X....W....
........<......F......
.............)......


You could see a blink frog, 4 neutral starcursed masses, a neutral balrug
(wandering), a neutral green death (wandering), a neutral thrashing horror, 3
neutral large abominations, 2 neutral worldbinders, 5 neutral smoke demons, a
neutral hungry ghost (wandering), a neutral ynoxinul (wandering), a neutral
chaos spawn (wandering), 2 neutral shadows, a neutral insubstantial wisp, a
neutral orc priest, a neutral ufetubus (wandering) and a neutral kobold skeleton
(wandering).

Vanquished Creatures
  Pikel (D:7)
  A black mamba (Lair:2)
  5 elephants
  A spiny frog (Lair:2)
  2 rime drakes
  2 komodo dragons
  11 blink frogs
  7 dream sheep (Lair:3)
  3 hippogriffs
  Sigmund (D:2)
  31 yaks
  A hungry ghost (D:8)
  10 water moccasins
  3 porcupines
  A black bear (D:6)
  3 ice beasts
  2 sky beasts
  3 phantoms
  3 centaurs
  8 wolves
  3 ogres
  4 crocodiles
  A big kobold (D:7)
  9 bullfrogs
  A gnoll sergeant (D:7)
  3 water moccasin zombies (Ossuary)
  A scorpion (D:8)
  3 troll zombies (D:7)
  3 wights (D:6)
  A howler monkey (D:6)
  An electric eel (Lair:2)
  A crimson imp (D:6)
  6 human zombies
  6 hounds
  3 bullfrog skeletons
  3 orc priests
  8 orc wizards
  A human skeleton (D:7)
  Natasha (thrice) (D:2)
  6 iguanas
  6 worker ants
  A big kobold zombie (Ossuary)
  An ogre zombie (D:7)
  A hound zombie (D:7)
  2 hound skeletons
  4 mummies
  A worker ant zombie (D:5)
  8 gnolls
  10 adders
  A shadow imp (D:8)
  An adder skeleton (D:4)
  4 adder zombies
  3 worms
  3 dart slugs
  8 leopard geckos
  32 orcs
  6 bats (D:1)
  5 giant cockroaches
  12 goblins
  14 hobgoblins
  6 jackals
  3 quokkas
  A ball python (D:1)
  3 frilled lizards
  2 gnoll zombies (Ossuary)
  6 hobgoblin zombies (Ossuary)
  18 kobolds
  7 kobold zombies (Ossuary)
  4 orc zombies (Ossuary)
  9 rats
  A rat zombie (D:6)
  A fungus (Lair:2)
  A plant (Lair:2)
351 creatures vanquished.

Vanquished Creatures (others)
  An ugly thing (Abyss:1)
  A komodo dragon (Lair:1)
  A spiny frog (Lair:1)
  2 blink frogs (Lair:2)
  2 yaks (Lair:3)
  A basilisk (Lair:2)
  A worker ant (D:7)
  An orc wizard (D:5)
  10 fungi
  3 plants (Lair:2)
23 creatures vanquished.

Grand Total: 374 creatures vanquished

Notes
Turn   | Place    | Note
-------+----------+-------------------------------------------
     0 | Abyss:1  | Gargoyl the Centaur Abyssal Knight began the quest for the
                  | Orb.
     0 | Abyss:1  | Reached XP level 1. HP: 19/19 MP: 2/2
    57 | Abyss:3  | Found a corrupted altar of Lugonu.
    84 | Abyss:3  | Noticed a spatial maelstrom
    86 | Abyss:3  | Noticed a spatial vortex
    88 | Abyss:3  | Noticed a spatial vortex
    89 | D:1      | Escaped the Abyss
   127 | D:1      | Reached * piety under Lugonu
   163 | D:1      | Reached XP level 2. HP: 25/26 MP: 3/3
   432 | D:1      | Reached XP level 3. HP: 28/31 MP: 4/4
   886 | D:2      | Found an iron altar of Okawaru.
   985 | D:2      | Noticed Natasha
   993 | D:2      | Killed Natasha
   993 | D:2      | Reached ** piety under Lugonu
   993 | D:2      | Reached skill level 1 in Dodging
   993 | D:2      | Reached XP level 4. HP: 12/40 MP: 4/6
  1000 | D:2      | Noticed Natasha
  1009 | D:2      | Killed Natasha
  1035 | D:2      | Noticed Natasha
  1042 | D:2      | HP: 2/40 [white imp/puff of frost[Natasha] (2)]
  1043 | D:2      | Killed Natasha
  1744 | D:2      | Reached XP level 5. HP: 42/46 MP: 7/7
  2541 | D:3      | Reached XP level 6. HP: 52/52 MP: 8/8
  2558 | D:3      | Found a sacrificial altar of Ru.
  2730 | D:2      | Noticed Sigmund
  2744 | D:2      | Killed Sigmund
  2744 | D:2      | Reached *** piety under Lugonu
  3418 | D:4      | Reached XP level 7. HP: 59/59 MP: 8/10
  3963 | D:4      | Found Ekhavaux's Food Emporium.
  4504 | D:5      | Entered Level 5 of the Dungeon
  4536 | D:5      | Got a smoking golden ring
  4547 | D:5      | Identified the ring of Etov {MR+ EV+1 Int+4} (You found it
                  | on level 5 of the Dungeon)
  4769 | D:5      | Found a glowing silver altar of Zin.
  5031 | D:5      | Reached skill level 5 in Axes
  5031 | D:5      | Reached XP level 8. HP: 67/67 MP: 11/11
  5828 | D:6      | Found a sand-covered staircase.
  5886 | Ossuary  | Entered an ossuary
  5989 | Ossuary  | Reached skill level 5 in Invocations
  6099 | Ossuary  | Reached **** piety under Lugonu
  6674 | D:6      | Reached XP level 9. HP: 49/73 MP: 13/13
  6905 | D:6      | Reached ***** piety under Lugonu
  7058 | D:6      | Found a glowing golden altar of the Shining One.
  7416 | D:6      | Found a staircase to the Ecumenical Temple.
  7621 | D:7      | Reached skill level 5 in Fighting
  7621 | D:7      | Reached skill level 5 in Armour
  8024 | D:7      | Gained mutation: You occasionally shout uncontrollably at
                  | your foes. [potion of mutation]
  8024 | D:7      | Gained mutation: You are partially covered in iridescent
                  | scales. (AC +2) [potion of mutation]
  8024 | D:7      | Gained mutation: Your body sometimes deteriorates upon
                  | taking damage. [potion of mutation]
  8024 | D:7      | Gained mutation: You are agile. (Dex +2) [potion of
                  | mutation]
  8085 | D:7      | Found a basalt altar of Yredelemnul.
  8639 | D:7      | Noticed Joseph
  8666 | D:7      | Banished Joseph
  8666 | D:7      | Reached XP level 10. HP: 30/81 MP: 15/15
  9122 | D:7      | Noticed Pikel
  9170 | D:7      | Killed Pikel
  9518 | D:7      | Found a stormy altar of Qazlal.
  9518 | D:7      | Found a shattered altar of Ashenzari.
  9524 | D:7      | Found a white marble altar of Elyvilon.
  9526 | D:7      | Found a faded altar of an unknown god.
  9527 | D:7      | Found a faded altar of an unknown god.
  9684 | D:8      | Found Viqium's Book Shoppe.
  9689 | D:8      | Found a staircase to the Lair.
  9805 | D:8      | Noticed Psyche
  9827 | D:8      | Noticed a two-headed ogre
 10014 | D:8      | Noticed Prince Ribbit
 10035 | D:8      | Reached skill level 1 in Shields
 10440 | D:8      | Banished a two-headed ogre
 11050 | Lair:1   | Entered Level 1 of the Lair of Beasts
 11434 | Lair:1   | Noticed a spiny frog
 11445 | Lair:1   | Banished a spiny frog
 11445 | Lair:1   | Reached XP level 11. HP: 16/90 MP: 17/17
 13764 | Lair:2   | Reached skill level 10 in Axes
 13810 | Lair:2   | Reached ****** piety under Lugonu
 14821 | Abyss:1  | Noticed a purple very ugly thing
 14821 | Abyss:1  | Noticed a purple very ugly thing
 14821 | Abyss:1  | Noticed a purple ugly thing
 14821 | Abyss:1  | Noticed a purple ugly thing
 14821 | Abyss:1  | Noticed a purple ugly thing
 14821 | Abyss:1  | Noticed a purple ugly thing
 14837 | Abyss:1  | Banished a purple ugly thing
 14837 | Abyss:1  | Reached skill level 5 in Dodging
 14876 | Abyss:1  | Noticed a sixfirhy
 14880 | Lair:2   | Escaped the Abyss
 16681 | Lair:2   | Reached XP level 12. HP: 53/100 MP: 19/19
 16694 | Lair:2   | Lost mutation: Your body sometimes deteriorates upon taking
                  | damage. [potion of mutation]
 16694 | Lair:2   | Lost mutation: You occasionally shout uncontrollably at
                  | your foes. [potion of mutation]
 16694 | Lair:2   | Lost mutation: You are agile. (Dex +2) [potion of mutation]
 16694 | Lair:2   | Gained mutation: You are agile. (Dex +2) [potion of
                  | mutation]
 16694 | Lair:2   | Gained mutation: You are dopey. (Int -2) [potion of
                  | mutation]
 16694 | Lair:2   | Gained mutation: You are resistant to hostile enchantments.
                  | (MR+) [potion of mutation]
 16694 | Lair:2   | Gained mutation: You evolve. [potion of mutation]
 17338 | Lair:3   | Gained mutation: Your natural rate of healing is unusually
                  | fast. [evolution]
 17338 | Lair:3   | Lost mutation: You evolve. [end of evolution]
 17575 | Lair:3   | Found a staircase to the Snake Pit.
 17641 | Lair:3   | Reached skill level 10 in Invocations
 18009 | Lair:3   | Reached skill level 1 in Throwing
 18026 | Lair:3   | Corrupted Lair:3
 18026 | Lair:3   | Noticed a green death
 18026 | Lair:3   | Noticed a balrug
 18028 | Lair:3   | Noticed a starcursed mass
 18029 | Lair:3   | Noticed a starcursed mass
 18030 | Lair:3   | Noticed a starcursed mass
 18031 | Lair:3   | Slain by a large abomination

Skill      XL: |  1  2  3  4  5  6  7  8  9 10 11 12 |
---------------+-------------------------------------+-----
Axes           | 2 3 4 5 6 7 9 10 | 10.8
Dodging        | 1 2 3 4 5 |  5.5
Armour         | 2 3 4 5 6 7 |  7.4
Invocations    | 3 4 5 7 8 9 10 | 10.2
Fighting       | 4 5 6 7 |  7.9
Shields        | 2 3 |  3.9
Throwing       | 1 |  1.0

Action                   |  1- 3 |  4- 6 |  7- 9 | 10-12 || total
-------------------------+-------+-------+-------+-------++-------
Melee: Hand axe          |    99 |   204 |   674 |   583 ||  1560
       Kick              |    16 |    24 |   195 |   240 ||   475
       Broad axe         |       |       |       |   299 ||   299
       Unarmed           |       |       |       |     1 ||     1
Throw: Tomahawk          |       |       |     6 |    19 ||    25
Invok: Depart the Abyss  |     1 |       |       |     1 ||     2
       Banish            |       |       |       |     8 ||     8
       Bend Space        |       |       |       |     2 ||     2
       Enter the Abyss   |       |       |       |     1 ||     1
       Corrupt           |       |       |       |     1 ||     1
  Use: Scroll            |     1 |     8 |     9 |     5 ||    23
       Potion            |       |     5 |    10 |     4 ||    19
  Eat: Chunk             |       |     6 |    12 |    22 ||    40
       Ration            |       |       |     1 |     3 ||     4
Armor: Leather armour    |    73 |    32 |       |       ||   105
       Ring mail         |       |   104 |   353 |   656 ||  1113
       Plate armour      |       |       |    15 |       ||    15
Dodge: Dodged            |    68 |   103 |   295 |   378 ||   844
Block: Shield            |       |       |       |   468 ||   468
